 Dungeon Crawl Stone Soup version 0.28.0-53-g5a82cb258f (webtiles) character file.

Game seed: 7420226973986271468

718 bnorton916 the Magician (level 7, -1/36 HPs)
             Began as a Deep Elf Fire Elementalist on May 23, 2022.
             Was an Initiate of Sif Muna.
             Slain by an ogre
             ... wielding a +0 giant club
              (23 damage)
             ... on level 5 of the Dungeon.
             The game lasted 00:08:55 (6995 turns).

bnorton916 the Magician (DEFE)                      Turns: 6995, Time: 00:08:55

Health: -1/36      AC:  8    Str:  5    XL:     7   Next: 42%
Magic:  14/18      EV: 12    Int: 22    God:    Sif Muna [......]
Gold:   282        SH:  0    Dex: 15    Spells: 14/19 levels left

rFire   . . .      SeeInvis +   v - +2 quarterstaff (chaos)
rCold   . . .      Faith    .   (shield currently unavailable)
rNeg    . . .      Spirit   .   a - +0 robe
rPois   .          Reflect  .   n - +0 helmet
rElec   .          Harm     .   q - +1 cloak
rCorr   .          Rampage  .   m - +2 pair of gloves
Will    .....                   (no boots)
Stlth   ++........              (no amulet)
HPRegen 0.12/turn               b - ring of see invisible
MPRegen 0.16/turn               (no ring)

@: no status effects
A: no striking features
a: Renounce Religion


You were on level 5 of the Dungeon.
You worshipped Sif Muna.
Sif Muna was noncommittal.
You visited 2 branches of the dungeon, and saw 6 of its levels.

You collected 282 gold pieces.

Inventory:

Hand Weapons
 p - a +2 mace of protection
 v - a +2 quarterstaff of chaos (weapon)
 w - a +1 vorpal spear
Missiles
 i - 118 stones
 l - 3 poisoned darts
 u - 2 throwing nets
Armour
 a - a +0 robe (worn)
 m - a +2 pair of gloves (worn)
 n - a +0 helmet (worn)
 q - a +1 cloak (worn)
Jewellery
 b - a ring of see invisible (left hand)
Scrolls
 g - a scroll of teleportation
 h - a scroll of magic mapping
Potions
 c - a potion of curing
 d - 2 potions of flight {unknown}
 f - 3 potions of brilliance
 o - 2 potions of mutation


   Skills:
 - Level 2.4 Dodging
 - Level 2.4 Stealth
 + Level 6.6 Spellcasting
 + Level 5.0 Conjurations
 + Level 6.0 Fire Magic
 - Level 1.0 Air Magic
 + Level 1.6 Poison Magic


You had 14 spell levels left.
You knew the following spells:

 Your Spells              Type           Power      Damage    Failure   Level
a - Foxfire               Conj/Fire      100%       2x1d9     1%          1
b - Scorch                Fire           66%        2d8       1%          2
c - Poisonous Vapours     Pois/Air       26%        N/A       8%          2

Your spell library contained the following spells:

 Spells                   Type           Power      Damage    Failure   Level
 Conjure Flame            Conj/Fire      31%        6-21      2%          3
 Inner Flame              Hex/Fire       20%        N/A       8%          3
 Flame Wave               Conj/Fire      31%        2d8       9%          4
 Corpse Rot               Necr/Air       18%        N/A       11%         2


Dungeon Overview and Level Annotations

Branches:
Dungeon (5/15)             Temple (1/1) D:4

Altars:
Ashenzari
Cheibriados
Dithmenos
Elyvilon
Fedhas
Hepliaklqana
Kikubaaqudgha
Makhleb
Nemelex Xobeh
Okawaru
Qazlal
Ru
Sif Muna
Uskayaw
Vehumet
Wu Jian
Xom
Yredelemnul
Zin
The Shining One

Shops:
D:2 [   D:4 =

Annotations:
D:3 Sigmund
D:4 4 runed translucent doors, Shockd's ghost, amateur DgTm; Zeld's ghost, amateur DEFE


Message History

Confirm with . or Enter, or press ? or * to list all spells.
Aiming: Poisonous Vapours (safe; 8% risk of failure)
Press: ? - help, Dir - move target, f - ogre
Aim: an ogre, wielding a +0 giant club (asleep) Poisonous vapours surround the ogre!
The ogre is poisoned.
The ogre shouts!
Unknown command.
The ogre looks more healthy.
Casting: Poisonous Vapours (safe; 8% risk of failure)
Confirm with . or Enter, or press ? or * to list all spells.
You conjure some foxfire!
The foxfire hits the ogre.
The ogre is lightly wounded.
The foxfire hits the ogre!
The ogre is moderately wounded.
Casting: Foxfire (safe; 1% risk of failure)
Confirm with . or Enter, or press ? or * to list all spells.
You conjure some foxfire!
The foxfire hits the ogre.
The ogre is moderately wounded.
The ogre hits you with a +0 giant club!
Unknown command.
Casting: Foxfire (safe; 1% risk of failure)
Confirm with . or Enter, or press ? or * to list all spells.
You conjure some foxfire!
The ogre completely misses you.
The foxfire hits the ogre.
The ogre is heavily wounded.
The ogre barely misses you.
Unknown command.
Casting: Foxfire (safe; 1% risk of failure)
Confirm with . or Enter, or press ? or * to list all spells.
You conjure some foxfire!
The ogre misses you.
The foxfire hits the ogre but does no damage.
The ogre is heavily wounded.
Unknown command.
Casting: Foxfire (safe; 1% risk of failure)
Confirm with . or Enter, or press ? or * to list all spells.
You conjure some foxfire!
The ogre hits you with a +0 giant club!!
Ouch! That really hurt!
You die...

#####..#....###.....#
............'.......#
.....#......#######.#
.)...##.....# #.#
.....##.....# #.#
.....##...### #.#
.....###..# #.#
.....# #..# ####.#
.....# #..#
#@v..##### *,,,,*
##># #O##.....#*
*,,,,* ###
#.#..###..# ******
#.#.##.#*,#**
##...#...*,,,**
#..####.####,,*
#.##..#'#..##,*
#.#..O'.'._.#,#
#.##,##.##,**.#


You could see an ogre (ally target).

Vanquished Creatures
  An ogre (D:5)
  A phantom (D:5)
  2 water moccasin skeletons (D:4)
  A crimson imp (D:3)
  Crazy Yiuf (D:3)
  4 hounds (D:4)
  Natasha (thrice) (D:3)
  2 hound zombies
  7 gnolls
  4 adders
  An adder zombie (D:4)
  2 worms (D:2)
  4 dart slugs
  A ball python (D:1)
  7 endoplasms
  5 giant cockroaches
  5 goblins
  4 hobgoblins
  4 jackals (D:2)
  5 quokkas
  5 bats
  2 frilled lizards
  3 kobolds
  4 rats
78 creatures vanquished.

Vanquished Creatures (others)
  454 foxfires
454 creatures vanquished.

Grand Total: 532 creatures vanquished

Notes
Turn   | Place    | Note
-------+----------+-------------------------------------------
     0 | D:1      | bnorton916 the Deep Elf Fire Elementalist began the quest
                  | for the Orb.
     0 | D:1      | Reached XP level 1. HP: 10/10 MP: 6/6
    49 | D:1      | Found a faded altar of an unknown god.
   369 | D:1      | Reached XP level 2. HP: 12/15 MP: 0/8
  1292 | D:1      | Reached XP level 3. HP: 15/19 MP: 3/10
  1559 | D:2      | Found Ventoll's Antique Armour Shoppe.
  2613 | D:3      | Noticed Sigmund
  2721 | D:3      | Noticed Natasha
  2727 | D:3      | Killed Natasha
  2728 | D:3      | Reached XP level 4. HP: 18/24 MP: 6/12
  2916 | D:3      | Found a runed translucent door.
  2917 | D:3      | Noticed Crazy Yiuf
  2939 | D:3      | Killed Crazy Yiuf
  3042 | D:3      | Noticed Natasha
  3045 | D:3      | Killed Natasha
  3046 | D:3      | Reached XP level 5. HP: 15/28 MP: 11/14
  3317 | D:3      | Found a broken altar of Ashenzari.
  3416 | D:3      | Noticed Natasha
  3422 | D:3      | Killed Natasha
  3435 | D:3      | Reached skill level 5 in Spellcasting
  3494 | D:3      | Learned a level 2 spell: Scorch
  3656 | D:4      | Found a staircase to the Ecumenical Temple.
  3672 | Temple   | Entered the Ecumenical Temple
  3907 | Temple   | Became a worshipper of Sif Muna the Loreminder
  3951 | D:4      | Found a runed translucent gate.
  3951 | D:4      | Found a runed translucent gate.
  3951 | D:4      | Found a runed translucent gate.
  3951 | D:4      | Noticed Shockd's ghost (amateur DgTm)
  3968 | D:4      | Reached skill level 5 in Fire Magic
  4172 | D:4      | Found a runed translucent door.
  4173 | D:4      | Noticed Zeld's ghost (amateur DEFE)
  4199 | D:4      | Reached XP level 6. HP: 32/32 MP: 12/16
  4515 | D:4      | Found Dimoil's Jewellery Emporium.
  4518 | D:4      | Found an ancient bone altar of Kikubaaqudgha.
  4756 | D:4      | Found a burning altar of Makhleb.
  4774 | D:3      | Learned a level 2 spell: Poisonous Vapours
  4850 | D:4      | Found a radiant altar of Vehumet.
  4956 | D:4      | Found a basalt altar of Yredelemnul.
  5048 | D:4      | Found a glowing silver altar of Zin.
  5098 | D:5      | Entered Level 5 of the Dungeon
  5124 | D:5      | Reached skill level 1 in Poison Magic
  5124 | D:5      | Reached XP level 7. HP: 36/36 MP: 12/18
  5136 | D:5      | Reached skill level 1 in Air Magic
  5696 | D:5      | Found a snail-covered altar of Cheibriados.
  6651 | D:5      | Reached skill level 5 in Conjurations
  6971 | D:5      | Found a sparkling altar of Nemelex Xobeh.
  6995 | D:5      | Slain by an ogre

Illustrated notes

Levels and vault maps discovered:
D:1:      dpeg_arrival_lava_altar, layout_loops_ring,
          ebering_ecumenical_altar_webs, minivault_5, minmay_tetromino_i2
D:2:      wander_river, layout_basic, serial_shops, nicolae_shop_statue_plus,
          minmay_distorted
D:3:      kennysheep_big_flooded_room, layout_basic,
          nicolae_ashenzari_panopticon, uniq_sigmund, uniq_natasha,
          uniq_crazy_yiuf_cottage
D:4:      layout_cave_pools, grunt_temple_overflow_lords_of_destruction,
          nicolae_yredelemnul_ghost_church, lemuel_coloured_pillars_altar,
          lemuel_tele_altar, serial_shops, shop, ebering_ghost_inner_flame
D:5:      layout_basic, old_standard_altar, nemelex_dance_club_becter,
          serial_shops, shop, uniq_eustachio
Temple:   minmay_temple_bridge_abc

Skill      XL: |  1  2  3  4  5  6  7 |
---------------+----------------------+-----
Conjurations   | 2 3 4 5 |  5.0
Fire Magic     | 4 5 6 |  6.0
Spellcasting   | 4 5 6 |  6.6
Poison Magic   | 1 |  1.6
Air Magic      | 1 |  1.0
Dodging        | |  2.4
Stealth        | |  2.4

Action                   |  1- 3 |  4- 6 |  7- 9 || total
-------------------------+-------+-------+-------++-------
Melee: Quarterstaff      |       |    13 |       ||    13
 Cast: Foxfire           |   143 |    94 |    33 ||   270
       Poisonous Vapours |       |       |     1 ||     1
  Use: Scroll            |       |       |     9 ||     9
       Potion            |       |       |     3 ||     3
Armor: Robe              |     8 |    18 |     7 ||    33
Dodge: Dodged            |    27 |    33 |     9 ||    69
